 Dungeon Crawl Stone Soup version 0.25.1-2-g60ff931df9 (webtiles) character file.

Game seed: 3139569008505339034

235 Peloso the Covered (level 5, 0/47 HPs)
             Began as a Minotaur Fighter on July 31, 2020.
             Slain by an ogre
             ... wielding a +0 giant club
              (22 damage)
             ... on level 4 of the Dungeon.
             The game lasted 00:03:32 (2839 turns).

Peloso the Covered (Minotaur Fighter)               Turns: 2839, Time: 00:03:33

Health: 0/47       AC: 12    Str: 21    XL:     5   Next: 76%
Magic:  4/4        EV:  6    Int:  5    God:
Gold:   182        SH: 10    Dex: 10    Spells: 4/4 levels left

rFire    . . .     SeeInvis .   a - +0 long sword
rCold    . . .     Gourm    .   c - +0 kite shield
rNeg     . . .     Faith    .   w - +0 chain mail
rPois    +         Spirit   .   (helmet restricted)
rElec    .         Reflect  .   t - +1 cloak {rPois}
rCorr    .         Harm     .   (no gloves)
MR       .....                  (no boots)
Stlth    ..........             (no amulet)
HPRegen  0.15/turn              (no ring)
MPRegen  0.09/turn              (no ring)

@: no status effects
A: retaliatory headbutt, horns 2
a: no special abilities


You were on level 4 of the Dungeon.
You were not hungry.

You visited 1 branch of the dungeon, and saw 4 of its levels.

You collected 182 gold pieces.

Inventory:

Hand Weapons
 a - a +0 long sword (weapon)
 b - a +0 spear of flaming
Armour
 c - a +0 kite shield (worn)
 k - a +0 scale mail
 t - a +1 cloak of poison resistance (worn)
 w - a +0 chain mail (worn)
Wands
 p - a wand of clouds (6)
Scrolls
 e - a scroll of immolation {unknown}
 g - a scroll of magic mapping {unknown}
 i - a scroll of enchant weapon {unknown}
 j - 5 scrolls of identify {unknown}
 l - a scroll of remove curse {unknown}
 n - 2 scrolls of teleportation {unknown}
Potions
 d - 2 potions of might
 h - a potion of stabbing {unknown}
 m - a potion of brilliance {unknown}
 o - a potion of curing {unknown}
 q - a potion of mutation {unknown}
 r - a potion of heal wounds {unknown}
 u - 2 potions of haste {unknown}
 v - a potion of ambrosia {unknown}
Comestibles
 f - 7 rations
 s - a chunk of flesh


   Skills:
 + Level 4.5 Fighting
 + Level 4.1 Long Blades
 + Level 5.2 Armour
 + Level 1.0 Dodging
 + Level 0.7 Stealth
 + Level 4.9 Shields


You had 4 spell levels left.
You didn't know any spells.
Your spell library was empty.

Dungeon Overview and Level Annotations

Branches:
Dungeon (4/15)
 Temple: D:4-7

Altars:


Innate Abilities, Weirdness & Mutations

You reflexively headbutt those who attack you in melee.
You have a pair of horns on your head.


Message History

The howler monkey hoots and howls with incredible vigour!
The howler monkey hits you but does no damage.
You hear a howl!
You hear a bark! x3
You hit the howler monkey.
The howler monkey is lightly wounded.
You block the howler monkey's attack.
Your shield prevents you from hitting the howler monkey.
Your headbutt misses the howler monkey.
The howler monkey is lightly wounded.
You block the howler monkey's attack.
The howler monkey hits you but does no damage.
You barely miss the howler monkey.
The howler monkey is lightly wounded.
The howler monkey hits you but does no damage.
The ogre hits you with a +0 giant club!!
Ouch! That really hurt!
You hit the ogre but do no damage. Your headbutt misses the ogre.
The howler monkey hits you but does no damage.
The ogre hits you with a +0 giant club!!
You die...

##.### ##..#.## .
#####......#
...#..#.......### ##
##........#.......#.
#.#.... #..#...<.....
....... #............
.##.... ##............
.#...... #....h@.......
........ #....O........
.##..... ##............
.#.......#..............
.#.........#......#.....
..........###.#####.....
..$#......# .. ....
..##.....# ... ....
...#...#


You could see an ogre and a howler monkey.

Vanquished Creatures
  Crazy Yiuf (D:2)
  A worker ant (D:4)
  Natasha (thrice) (D:2)
  3 adders
  3 oozes
  An adder skeleton (D:4)
  A worm (D:4)
  A dart slug (D:1)
  2 leopard geckos
  4 orcs (D:3)
  2 ball pythons (D:3)
  11 bats
  3 giant cockroaches
  8 goblins
  3 hobgoblins
  4 kobolds
  A quokka (D:3)
  5 frilled lizards
  3 rats (D:1)
60 creatures vanquished.

Notes
Turn   | Place    | Note
-------+----------+-------------------------------------------
     0 | D:1      | Peloso the Minotaur Fighter began the quest for the Orb.
     0 | D:1      | Reached XP level 1. HP: 19/19 MP: 0/0
   297 | D:1      | Reached skill level 4 in Armour
   297 | D:1      | Reached XP level 2. HP: 22/27 MP: 1/1
   577 | D:1      | Reached XP level 3. HP: 32/33 MP: 2/2
  1446 | D:2      | Noticed Natasha
  1451 | D:2      | Killed Natasha
  1451 | D:2      | Reached XP level 4. HP: 35/40 MP: 3/3
  1560 | D:2      | Noticed Natasha
  1577 | D:2      | Killed Natasha
  1807 | D:2      | Noticed Natasha
  1814 | D:2      | Killed Natasha
  1814 | D:2      | Reached XP level 5. HP: 47/47 MP: 4/4
  1862 | D:2      | Found a runed translucent door.
  1863 | D:2      | Noticed Crazy Yiuf
  1991 | D:2      | Killed Crazy Yiuf
  1991 | D:2      | Reached skill level 5 in Armour
  2211 | D:3      | Reached skill level 1 in Dodging
  2831 | D:4      | Noticed an ogre
  2839 | D:4      | Slain by an ogre

Illustrated notes

Levels and vault maps discovered:
D:1:      wheals_arrival_linesprint, layout_rooms
D:2:      layout_basic, chequers_avenue, uniq_crazy_yiuf_cottage, uniq_natasha
D:3:      layout_basic
D:4:      layout_cave_pools, first_ration, minmay_goblin_kobold_house

Skill      XL: |  1  2  3  4  5 |
---------------+----------------+-----
Armour         | 4 5 |  5.2
Fighting       | 4 |  4.5
Shields        | 4 |  4.9
Long Blades    | 3 4 |  4.1
Dodging        | 1 |  1.0
Stealth        | |  0.7

Action                   |  1- 3 |  4- 6 || total
-------------------------+-------+-------++-------
Melee: Long sword        |    64 |    69 ||   133
       Headbutt          |    11 |    14 ||    25
  Eat: Chunk             |     2 |     4 ||     6
Armor: Scale mail        |    41 |    28 ||    69
       Chain mail        |       |     6 ||     6
Dodge: Dodged            |    28 |    16 ||    44
Block: Kite shield       |    48 |    31 ||    79
       Rpst.: Long sword |    10 |     2 ||    12
